Map: Frost LE

Players

Snute - Winner!

  • Race: Zerg Zerg

Has

  • Race: Protoss Protoss

Event: WCS Copa Intercontinental

VOD

https://www.youtube.com/watch?v=BbvbL1MxXQI

Description

Time

  • Played on: Sept. 10, 2016, 6:15 p.m.
  • Length: 19:36

All games in this series

Show
View Real Time Build Order
Export as new Build Order

Snute Zerg - Winner!

Build Orders: Pool First 

Get SALT Encoding   

  12  0:00  Drone  
  13  0:12  Overlord  
  13  0:17  Drone  
  14  0:30  Drone x2  
  14  0:34  Drone  
  17  0:44  Spawning Pool  
  17  0:47  Drone  
  17  1:06  Overlord  
  17  1:30  Queen, Zergling x2  
  17  1:31  Zergling x4  
  22  1:42  Drone  
  22  1:45  Extractor  
  22  1:52  Drone  
  23  2:02  Hatchery  
  23  2:05  Drone  
  23  2:06  Queen  
  25  2:14  Drone  
  26  2:27  Hatchery  
  25  2:30  Drone  
  25  2:36  Drone  
  27  2:38  Drone x2  
  29  2:49  Overlord  
  28  2:55  Overlord  
  28  3:02  Drone  
  29  3:10  Drone x3  
  32  3:14  Drone  
  32  3:15  Drone  
  34  3:25  Drone x2  
  34  3:26  Queen  
  38  3:34  Drone  
  39  3:36  Drone  
  39  3:39  Drone  
  41  3:42  Drone x3  
  41  3:44  Drone  
  41  3:45  Drone x2  
  47  3:49  Metabolic Boost  
  47  3:50  Drone  
  47  3:53  Drone  
  49  4:04  Drone  
  49  4:05  Drone x3  
  53  4:10  Spore Crawler  
  53  4:12  Spore Crawler  
  53  4:14  Spore Crawler, Drone x3  
  53  4:20  Drone x2  
  53  4:21  Drone x3  
  58  4:25  Evolution Chamber  
  58  4:30  Roach Warren, Drone x2  
  58  4:34  Overlord  
  58  4:36  Overlord  
  58  4:42  Drone, Extractor  
  58  4:44  Overlord x2  
  58  4:50  Overlord x2  
  58  4:51  Zerg Melee Weapons Level 1  
  58  4:53  Zergling x2  
  58  4:54  Zergling x2  
  58  4:55  Zergling x2  
  61  5:00  Zergling x2  
  61  5:01  Zergling x8  
  61  5:04  Zergling x4  
  68  5:09  Drone x5  
  68  5:12  Drone x2  
  75  5:28  Queen x3  
  81  5:35  Evolution Chamber  
  81  5:37  Zergling x22  
  89  5:51  Overlord  
  89  5:52  Overlord  
  89  5:55  Overlord  
  89  5:56  Hatchery  
  88  5:58  Zergling x8  
  88  6:03  Zerg Ground Armor Level 1  
  89  6:21  Queen x2, Lair  
  93  6:26  Spore Crawler  
  93  6:27  Spore Crawler  
  93  6:28  Spore Crawler x2  
  93  6:31  Spore Crawler  
  88  6:33  Spore Crawler  
  88  6:35  Drone x10  
  88  6:36  Drone  
  88  6:38  Spore Crawler  
  88  6:39  Drone  
  98  6:40  Spore Crawler, Drone x2  
  98  6:41  Drone  
  100  6:47  Zerg Missile Weapons Level 1  
  100  6:48  Baneling Nest  
  100  6:49  Drone x2  
  100  6:52  Drone  
  100  6:53  Drone  
  103  6:56  Extractor  
  102  7:05  Zergling x16  
  102  7:06  Zergling x2  
  106  7:10  Queen x2  
  106  7:13  Extractor  
  102  7:24  Drone x3  
  102  7:25  Drone x5  
  102  7:26  Spore Crawler, Drone  
  102  7:27  Spore Crawler x3  
  107  7:30  Queen  
  107  7:31  Spore Crawler  
  107  7:32  Centrifical Hooks  
  107  7:43  Drone x2  
  109  7:47  Spore Crawler  
  109  7:51  Spore Crawler, Queen x2  
  106  7:56  Drone x4  
  106  7:57  Drone x2  
  118  8:00  Infestation Pit, Zerg Melee Weapons Level 2  
  115  8:06  Queen  
  117  8:13  Spore Crawler  
  116  8:20  Hatchery  
  116  8:24  Overlord  
  116  8:27  Queen  
  115  8:33  Queen  
  118  8:38  Infestor  
  118  8:39  Overlord  
  120  8:42  Queen, Extractor  
  120  8:43  Zerg Missile Weapons Level 2  
  120  8:44  Extractor  
  120  8:47  Overlord x2  
  120  8:53  Spore Crawler x2  
  120  8:54  Infestor  
  120  9:00  Spore Crawler, Infestor x2  
  120  9:02  Queen  
  124  9:03  Spore Crawler  
  124  9:07  Hatchery  
  124  9:10  Queen  
  124  9:18  Queen, Overlord x2  
  124  9:21  Infestor x2  
  130  9:37  Spore Crawler  
  130  9:38  Queen  
  128  9:40  Spore Crawler  
  128  9:41  Spore Crawler x4  
  124  9:46  Queen, Zergling x2  
  124  9:47  Zergling x18  
  124  9:48  Overlord  
  136  9:53  Spore Crawler  
  136  9:57  Baneling x7  
  136  9:58  Baneling x9  
  136  9:59  Baneling x5  
  112  10:16  Drone x2  
  112  10:17  Drone x13  
  127  10:23  Queen  
  124  10:33  Zergling x2  
  124  10:34  Zergling x10  
  122  10:39  Infestor  
  116  10:45  Queen  
  118  10:51  Drone  
  118  10:52  Drone x3  
  122  11:03  Drone x4  
  122  11:04  Drone x3  
  128  11:09  Drone x3  
  128  11:10  Drone x2  
  134  11:24  Zergling x24  
  144  11:35  Zergling x8  
  144  11:42  Zergling x6  
  144  11:44  Queen  
  144  11:45  Queen  
  151  11:54  Zerg Ground Armor Level 2  
  151  11:55  Hydralisk Den  
  151  11:59  Drone  
  151  12:00  Drone x3  
  151  12:01  Extractor x2  
  151  12:06  Hatchery  
  147  12:24  Queen x2  
  147  12:25  Muscular Augments, Hydralisk x3  
  147  12:26  Hydralisk x4  
  167  12:32  Hydralisk x5  
  173  12:38  Hydralisk  
  175  12:48  Overlord x4  
  175  13:02  Hive  
  175  13:07  Hydralisk x7  
  175  13:08  Hydralisk  
  191  13:18  Zergling x2  
  191  13:19  Zergling x16  
  192  13:34  Zergling x4  
  192  13:35  Zergling x12  
  199  13:55  Pneumatized Carapace, Overseer x2  
  185  14:22  Hydralisk x7  
  195  14:46  Zergling x10  
  199  14:55  Zergling x2  
  199  14:56  Zergling x2  
  200  15:04  Hatchery  
  189  15:26  Hatchery  
  189  15:28  Zergling x8  
  189  15:29  Overlord x2  
  189  15:30  Zerg Ground Armor Level 3  
  189  15:31  Zerg Missile Weapons Level 3  
  189  15:34  Hatchery x2  
  187  15:37  Overlord  
  182  15:51  Overseer x2  
  182  16:08  Hydralisk  
  182  16:09  Hydralisk  
  186  16:11  Hydralisk x3  
  192  16:18  Hydralisk  
  170  16:45  Hydralisk x2  
  140  16:54  Viper  
  140  16:59  Viper  
  142  17:17  Viper x3  
  151  17:37  Hydralisk x7  
  163  17:48  Viper x2  
  169  17:55  Spore Crawler, Hydralisk  
  170  18:02  Overseer x2  
  154  18:45  Hydralisk x12  
  178  18:59  Hydralisk x4  
Show
View Real Time Build Order
Export as new Build Order

Has Protoss 

Build Orders: 1 Gate Expand, Forge Fast Expand (FFE), Oracle Opening 

Get SALT Encoding   

  12  0:01  Probe (Chrono Boost)  
  13  0:11  Probe (Chrono Boost)  
  14  0:18  Pylon  
  14  0:22  Probe (Chrono Boost)  
  15  0:36  Probe (Chrono Boost)  
  15  0:39  Gateway  
  16  0:47  Probe (Chrono Boost)  
  17  0:54  Forge  
  17  0:57  Probe (Chrono Boost)  
  18  1:08  Pylon, Probe (Chrono Boost)  
  19  1:19  Probe (Chrono Boost)  
  21  1:38  Nexus  
  20  1:41  Probe (Chrono Boost)  
  21  1:49  Assimilator  
  21  1:52  Probe (Chrono Boost)  
  22  1:59  Photon Cannon  
  22  2:04  Assimilator  
  22  2:06  Probe (Chrono Boost)  
  23  2:17  Cybernetics Core  
  23  2:26  Pylon  
  24  2:44  Probe (Chrono Boost)  
  24  2:50  Adept  
  24  2:53  Pylon  
  24  2:54  Probe (Chrono Boost)  
  27  3:00  Probe (Chrono Boost)  
  27  3:02  Stargate  
  27  3:05  Probe (Chrono Boost)  
  27  3:07  Warp Gate  
  27  3:10  Assimilator  
  27  3:12  Assimilator  
  27  3:14  Probe (Chrono Boost)  
  27  3:17  Probe (Chrono Boost)  
  29  3:25  Probe (Chrono Boost)  
  30  3:27  Probe (Chrono Boost)  
  30  3:34  Pylon  
  31  3:35  Probe (Chrono Boost)  
  31  3:38  Probe (Chrono Boost)  
  33  3:45  Oracle  
  33  3:47  Probe (Chrono Boost)  
  35  3:48  Probe (Chrono Boost)  
  38  3:59  Probe x2 (Chrono Boost)  
  42  4:09  Probe (Chrono Boost)  
  42  4:11  Probe (Chrono Boost)  
  42  4:12  Stargate  
  42  4:20  Probe (Chrono Boost)  
  42  4:21  Stargate  
  44  4:24  Probe (Chrono Boost)  
  44  4:28  Pylon  
  44  4:30  Probe (Chrono Boost)  
  44  4:31  Oracle  
  49  4:38  Probe (Chrono Boost)  
  49  4:41  Probe (Chrono Boost)  
  50  4:47  Pylon  
  50  4:51  Oracle  
  50  4:52  Probe (Chrono Boost)  
  51  4:56  Mothership Core (Chrono Boost)  
  56  5:04  Probe (Chrono Boost)  
  56  5:07  Oracle  
  57  5:13  Stalker  
  57  5:14  Oracle  
  63  5:16  Probe x2 (Chrono Boost)  
  66  5:28  Pylon, Probe (Chrono Boost)  
  68  5:29  Probe (Chrono Boost)  
  68  5:32  Pylon  
  68  5:43  Nexus  
  68  5:45  Probe (Chrono Boost)  
  68  5:47  Oracle  
  68  5:48  Oracle  
  77  5:58  Probe x2 (Chrono Boost)  
  77  5:59  Pylon, Oracle  
  77  6:10  Probe (Chrono Boost)  
  77  6:11  Probe (Chrono Boost)  
  81  6:22  Probe (Chrono Boost)  
  81  6:23  Assimilator, Oracle, Probe (Chrono Boost)  
  85  6:27  Oracle  
  85  6:29  Assimilator  
  88  6:34  Probe (Chrono Boost)  
  88  6:35  Pylon, Probe (Chrono Boost)  
  88  6:36  Pylon  
  90  6:40  Photon Cannon  
  90  6:46  Probe (Chrono Boost)  
  92  6:47  Probe (Chrono Boost)  
  92  6:48  Oracle  
  95  6:56  Stargate  
  95  6:58  Probe (Chrono Boost)  
  95  6:59  Probe (Chrono Boost)  
  95  7:00  Probe (Chrono Boost)  
  98  7:08  Probe (Chrono Boost)  
  98  7:11  Probe (Chrono Boost)  
  98  7:12  Probe (Chrono Boost)  
  100  7:16  Pylon  
  100  7:19  Probe (Chrono Boost)  
  100  7:20  Pylon  
  100  7:22  Pylon  
  103  7:23  Probe (Chrono Boost)  
  103  7:24  Probe (Chrono Boost)  
  103  7:26  Pylon  
  103  7:27  Pylon  
  103  7:29  Probe (Chrono Boost)  
  104  7:35  Probe (Chrono Boost)  
  106  7:37  Probe (Chrono Boost)  
  106  7:40  Probe (Chrono Boost)  
  106  7:46  Oracle  
  106  7:47  Oracle, Probe (Chrono Boost)  
  106  7:51  Oracle  
  117  7:58  Probe (Chrono Boost)  
  117  7:59  Pylon  
  117  8:00  Oracle  
  117  8:01  Pylon  
  120  8:17  Oracle  
  120  8:18  Oracle  
  120  8:20  Nexus  
  120  8:23  Stargate, Pylon  
  120  8:26  Oracle  
  126  8:30  Pylon  
  129  8:36  Oracle  
  129  8:39  Assimilator  
  132  8:42  Photon Cannon  
  132  8:44  Assimilator  
  132  8:48  Photon Cannon  
  132  8:49  Oracle  
  132  8:50  Oracle  
  132  8:51  Photon Cannon x2  
  132  8:54  Photon Cannon  
  138  9:02  Oracle  
  138  9:04  Oracle  
  144  9:11  Oracle  
  144  9:15  Photon Cannon  
  147  9:20  Oracle  
  147  9:22  Probe x2 (Chrono Boost)  
  149  9:26  Oracle  
  149  9:31  Pylon  
  155  9:32  Pylon  
  155  9:38  Oracle  
  155  9:40  Oracle  
  161  9:47  Probe (Chrono Boost)  
  161  9:48  Probe (Chrono Boost)  
  161  9:49  Probe (Chrono Boost)  
  164  10:01  Nexus  
  158  10:10  Oracle  
  140  10:14  Oracle  
  140  10:15  Oracle  
  140  10:20  Probe x2 (Chrono Boost)  
  150  10:21  Probe x2 (Chrono Boost)  
  150  10:25  Adept  
  152  10:30  Probe (Chrono Boost)  
  152  10:31  Probe (Chrono Boost)  
  152  10:33  Probe x2 (Chrono Boost)  
  137  10:41  Probe x2 (Chrono Boost)  
  133  10:45  Probe (Chrono Boost), Oracle  
  133  10:46  Probe (Chrono Boost)  
  133  10:49  Pylon  
  135  10:52  Pylon, Probe x2 (Chrono Boost)  
  135  10:53  Oracle  
  142  10:58  Fleet Beacon, Probe x2 (Chrono Boost)  
  142  11:02  Probe x2 (Chrono Boost)  
  142  11:04  Gateway  
  144  11:05  Gateway  
  144  11:06  Gateway  
  144  11:08  Photon Cannon, Protoss Air Weapons Level 1  
  144  11:09  Photon Cannon  
  144  11:12  Photon Cannon  
  144  11:18  Probe (Chrono Boost)  
  146  11:19  Probe (Chrono Boost)  
  146  11:25  Adept  
  146  11:28  Probe x2 (Chrono Boost)  
  146  11:30  Probe (Chrono Boost)  
  146  11:31  Probe (Chrono Boost)  
  150  11:38  Probe (Chrono Boost)  
  149  11:41  Carrier  
  149  11:42  Forge  
  155  11:49  Probe (Chrono Boost)  
  155  11:50  Carrier  
  162  11:59  Probe (Chrono Boost)  
  163  12:07  Carrier x2  
  175  12:10  Probe (Chrono Boost)  
  176  12:17  Protoss Shields Level 1  
  176  12:18  Probe (Chrono Boost)  
  176  12:20  Probe (Chrono Boost)  
  178  12:24  Carrier  
  178  12:28  Graviton Catapult  
  178  12:29  Probe (Chrono Boost)  
  185  12:31  Probe (Chrono Boost)  
  186  12:44  Photon Cannon  
  186  12:45  Photon Cannon  
  186  13:06  Probe (Chrono Boost)  
  186  13:07  Carrier  
  186  13:08  Assimilator x2  
  193  13:13  Photon Cannon  
  193  13:16  Carrier, Probe (Chrono Boost)  
  193  13:18  Photon Cannon  
  193  13:19  Protoss Air Weapons Level 2  
  200  13:44  Pylon  
  200  13:48  Photon Cannon  
  200  13:49  Photon Cannon  
  200  13:51  Pylon  
  197  13:58  Carrier  
  200  14:13  Carrier  
  192  14:31  Twilight Council, Pylon  
  198  14:32  Pylon  
  198  14:34  Pylon  
  198  14:37  Pylon  
  197  14:39  Pylon  
  197  15:05  Carrier  
  194  15:12  Carrier  
  197  15:17  Carrier  
  197  15:18  Carrier  
  176  15:24  Protoss Shields Level 2  
  161  15:35  Carrier  
  170  16:17  Nexus  
  169  16:19  Pylon  
  169  16:20  Carrier  
  169  16:30  Carrier  
  175  16:33  Carrier  
  173  16:42  Carrier  
  168  17:34  Carrier  
Tags
 
Add a new tag
Caveats
  • Supply blocks, unpowered buildings, or Contaminate may cause inaccurate times.
  • Supply counts are checked every 10 seconds.